 Dungeon Crawl Stone Soup version 0.29.1-12-g30fa7ad0bf (webtiles) character file.

Game seed: 18016173174035146899

94 mopl the Stinger (level 4, 0/27 HPs)
             Began as an Octopode Venom Mage on Jan 16, 2023.
             Slain by an orc warrior
             ... wielding a +0 long sword
              (19 damage)
             ... on level 4 of the Dungeon.
             The game lasted 00:02:40 (2236 turns).

mopl the Stinger (Octopode Venom Mage)              Turns: 2236, Time: 00:02:41

Health: 0/27       AC:  1    Str:  7    XL:     4   Next: 63%
Magic:  8/8        EV: 13    Int: 19    God:
Gold:   143        SH:  0    Dex: 12    Spells: 2/8 levels left

rFire   . . .      SeeInvis .   e - +0 short sword
rCold   . . .      Faith    .   (no shield)
rNeg    . . .      Spirit   .   (helmet restricted)
rPois   .          Reflect  .   (no amulet)
rElec   .          Harm     .   (no ring)
rCorr   .          Rampage  .   (no ring)
Will    .....                   (no ring)
Stlth   +++.......              (no ring)
HPRegen 0.09/turn               (no ring)
MPRegen 0.11/turn               (no ring)
                                (no ring)
                                (no ring)

@: no status effects
A: almost no armour, amphibious, 8 rings, camouflage 1, gelatinous body 1,
(nimble swimmer 1), tentacles
a: no special abilities


You were on level 4 of the Dungeon.
You visited 1 branch of the dungeon, and saw 4 of its levels.

You collected 143 gold pieces.

Inventory:

Hand Weapons
 e - a +0 short sword (weapon)
Missiles
 p - 4 curare-tipped darts
 q - 5 boomerangs
Scrolls
 d - a scroll of poison {unknown}
 h - a scroll of fog {unknown}
 i - 2 scrolls of enchant armour {unknown}
 j - 3 scrolls of identify {unknown}
 k - 2 scrolls of blinking {unknown}
 l - 3 scrolls of vulnerability {unknown}
 m - a scroll of amnesia {unknown}
 o - a scroll of torment {unknown}
 r - a scroll of fear {unknown}
 u - a scroll of noise {unknown}
 v - a scroll of summoning {unknown}
Potions
 a - a potion of magic
 b - a potion of berserk rage {unknown}
 c - 4 potions of brilliance {unknown}
 f - 2 potions of invisibility {unknown}
 g - 2 potions of attraction {unknown}
 n - a potion of might {unknown}
 s - 2 potions of flight {unknown}
 t - a potion of mutation {unknown}
 w - a potion of cancellation {unknown}


   Skills:
 - Level 2.0 Dodging
 + Level 4.0 Stealth
 + Level 2.7 Spellcasting
 + Level 1.0 Conjurations
 - Level 1.0 Transmutations
 + Level 1.4 Air Magic
 + Level 4.4 Poison Magic


You had 2 spell levels left.
You knew the following spells:

 Your Spells              Type           Power      Damage    Failure   Level
a - Sting                 Tmut/Pois      48%        1d5       5%          1
b - Poisonous Vapours     Pois/Air       26%        N/A       7%          2
d - Mephitic Cloud        Conj/Pois/Air  11%        N/A       19%         3

Your spell library contained the following spells:

 Spells                   Type           Power      Damage    Failure   Level
 Slow                     Hex            8%         N/A       16%         1
 Wereblood                Tmut           6%         N/A       16%         2
 Sublimation of Blood     Necr           2%         N/A       24%         2
 Olgreb's Toxic Radiance  Pois           19%        N/A       26%         4
 Confusing Touch          Hex            2%         N/A       43%         3
 Vampiric Draining        Necr           2%         2d6       43%         3
 Summon Hydra             Summ           1%         N/A       100%        7


Dungeon Overview and Level Annotations

Branches:
Dungeon (4/15)
 Temple: D:4-7

Altars:
Xom


Innate Abilities, Weirdness & Mutations

You cannot wear most types of armour.
You are amphibious.
You can wear up to eight rings at the same time.
Your skin changes colour to match your surroundings (Stealth+).
Your rubbery body absorbs attacks. (AC +1, EV +1)
((You are camouflaged when in or above water. (Stealth+)))
You have tentacles for arms and can constrict up to eight enemies at once.


Message History

You kill the giant cockroach!
No target in view!
You now have 127 gold pieces (gained 13).
w - an orange potion
Found a robe.
You see here a +0 robe.
You now have 132 gold pieces (gained 5).
A goblin comes into view. It is wielding a +0 dagger.
A goblin is nearby!
The sting hits the goblin.
The goblin is poisoned.
You kill the goblin!
You now have 143 gold pieces (gained 11).
You see here a +0 dagger.
Found a stone staircase leading up.
There is a stone staircase leading up here.
There is a stone staircase leading up here.
Done exploring.
Done exploring.
(D) Dungeon
Where to? (Enter - D:3, ? - help)
What level of the Dungeon? (default 1, ? - help)
There is a stone staircase leading down here.
You climb downwards.
Found a club.
There is a stone staircase leading up here.
There are monsters nearby!
A goblin comes into view. It is wielding a +0 dagger.
A kobold, a dart slug and an orc warrior come into view.
Found a shimmering altar of Xom.
The helpless orc warrior fails to defend itself.
You hit the orc warrior but do no damage.
Your grab misses the orc warrior.
The orc warrior hits you with a +0 long sword!
The ball python hisses angrily.
You hit the orc warrior but do no damage.
Your grab misses the orc warrior.
You hear a bark!
The orc warrior hits you with a +0 long sword!!
Ouch! That really hurt!
You die...
K_w

... #g# ... ##
#.# #
.###.##.######.#
.......So......
#.#..@####.#
#..........#
#..#....##.# #.
#..<..#
#........).#
o...........#
####.......##
###...#.#
#...##.


You could see an orc warrior, a dart slug (asleep), a goblin, a ball python and
a kobold (asleep).

Vanquished Creatures
  3 adders (D:3)
  A dart slug (D:3)
  An orc (D:3)
  5 endoplasms
  3 giant cockroaches
  5 goblins
  4 hobgoblins
  4 jackals (D:1)
  7 kobolds
  2 quokkas
  6 ball pythons
  8 bats
  4 frilled lizards
  4 rats
57 creatures vanquished.

Notes
Turn   | Place    | Note
-------+----------+-------------------------------------------
     0 | D:1      | mopl the Octopode Venom Mage began the quest for the Orb.
     0 | D:1      | Reached XP level 1. HP: 11/11 MP: 3/3
   167 | D:1      | Reached skill level 3 in Stealth
   208 | D:1      | Reached XP level 2. HP: 15/17 MP: 5/5
   212 | D:1      | Learned a level 2 spell: Poisonous Vapours
   280 | D:1      | Reached skill level 4 in Poison Magic
   627 | D:1      | Reached XP level 3. HP: 20/21 MP: 4/6
   673 | D:1      | Found a faded altar of an unknown god.
   787 | D:1      | Learned a level 3 spell: Mephitic Cloud
  1076 | D:2      | Reached skill level 1 in Air Magic
  1744 | D:3      | Reached XP level 4. HP: 27/27 MP: 4/7
  2077 | D:3      | Reached skill level 1 in Conjurations
  2089 | D:3      | Reached skill level 4 in Stealth
  2234 | D:4      | Found a shimmering altar of Xom.
  2234 | D:4      | Noticed an orc warrior
  2236 | D:4      | Slain by an orc warrior

Illustrated notes

Levels and vault maps discovered:
D:1:      evilmike_arrival_rings, layout_loops_ring,
          hellmonk_ecumenical_altar_heavens_door, chequers_serial_rivers_large_a
D:2:      layout_rooms
D:3:      layout_loops_ring
D:4:      layout_loops_ring, trog_hazing_becter, kennysheep_mini_moat,
          mainiacjoe_overflow_small_starburst, minmay_ruined_shrine

Skill      XL: |  1  2  3  4 |
---------------+-------------+-----
Stealth        | 3 4 |  4.0
Poison Magic   | 4 |  4.4
Air Magic      | 1 |  1.4
Conjurations   | 1 |  1.0
Dodging        | |  2.0
Spellcasting   | |  2.7
Transmutations | |  1.0

Action                   |  1- 3 |  4- 6 || total
-------------------------+-------+-------++-------
Melee: Short sword       |    75 |    15 ||    90
       Unarmed           |     6 |       ||     6
       Constrict         |    19 |     2 ||    21
       Tentacles         |    14 |     1 ||    15
 Cast: Sting             |    23 |    13 ||    36
       Poisonous Vapours |     2 |       ||     2
 Stab: Sleeping          |    11 |     3 ||    14
Armor: Skin              |     9 |     2 ||    11
Dodge: Dodged            |    59 |    11 ||    70
